 Dungeon Crawl Stone Soup version 0.18-a0-1764-gf4ddf0b (webtiles) character file.

31 Nagabuildtest the Ruffian (level 3, -1/31 HPs)
             Began as a Naga Transmuter on Apr 13, 2016.
             Slain by a gnoll
             ... wielding a +0 flail
              (11 damage)
             ... on level 1 of the Dungeon.
             The game lasted 00:05:48 (655 turns).

Nagabuildtest the Ruffian (Naga Transmuter)          Turns: 655, Time: 00:05:48

Health: -1/31      AC:  2    Str: 12    XL:     3   Next: 22%
Magic:  5/7        EV: 10    Int: 14    God:
Gold:   11         SH:  0    Dex: 11    Spells: 2 memorised, 3 levels left

rFire  . . .     SeeInvis +       - Unarmed
rCold  . . .     Gourm    .     b - +0 robe
rNeg   . . .     Faith    .     (no shield)
rPois  +         Spirit   .     (no helmet)
rElec  .         Dismiss  .     (no cloak)
rCorr  .         Reflect  .     (no gloves)
SustAt .         Harm     .     (no barding)
MR     .....                    (no amulet)
Stlth  +.........               (no ring)
                                (no ring)

@: short of breath, appendage, very slightly contaminated, very slow, not
resistant to hostile enchantments, very unstealthy
A: horns 2, see invisible, deformed body, poison resistance, slowness 2, slow
metabolism 1, spit poison 2, AC +1
a: Spit Poison, End Transformation


You were on level 1 of the Dungeon.
You were not hungry.
You had grown temporary horns.
You visited 1 branch of the dungeon, and saw 1 of its levels.

You collected 11 gold pieces.

Inventory:

Missiles
 a - 12 arrows
Armour
 b - a +0 robe (worn)
 k - a +0 plate armour
Scrolls
 e - 2 scrolls of random uselessness {unknown}
 h - a scroll of fog {unknown}
 i - a scroll of amnesia {unknown}
Books
 c - a book of Changes

   Spells                             Type                      Level
   a - Beastly Appendage              Transmutation                1
   b - Sticks to Snakes               Transmutation                2
   c - Spider Form                    Transmutation/Poison         3
   d - Ice Form                       Ice/Transmutation            4
   e - Blade Hands                    Transmutation                5
Comestibles
 d - a bread ration
 f - a beef jerky
 g - 2 meat rations
 j - a chunk of flesh


   Skills:
 - Level 1.0 Fighting
 - Level 1.5 Dodging
 - Level 3.0 Unarmed Combat
 - Level 2.7 Spellcasting
 - Level 2.6 Transmutations
 + Level 0.6 Poison Magic


You had 3 spell levels left.
You knew the following spells:

 Your Spells              Type           Power        Failure   Level  Hunger
a - Beastly Appendage     Trmt           #.....       10%         1    #......
b - Spider Form           Trmt/Pois      #.........   38%         3    ###....


Dungeon Overview and Level Annotations

Branches:
Dungeon (1/15)

Altars:


Innate Abilities, Weirdness & Mutations

You cannot wear boots.
Your serpentine skin is tough (AC +1).
You have supernaturally acute eyesight.
Armour fits poorly on your strangely shaped body.
Your system is resistant to poisons.
You cover ground very slowly.
You have a slow metabolism.
You can spit poison.
You have a pair of horns on your head.


Message History

You miscast Beastly Appendage.
You are very lightly contaminated with residual magic.
Your skin glows momentarily.
The gnoll hits you with a flail!
Casting: Beastly Appendage
Confirm with . or Enter, or press ? or * to list all spells.
You grow a pair of large bovine horns.
The gnoll closely misses you.
You can't do that yet.
You hit the gnoll but do no damage.
The gnoll is heavily wounded.
You have got your breath back.
Press: ? - help, Shift-Dir - straight line, f/p - gnoll
Aim: a gnoll, wielding a flail (heavily wounded, poisoned)
The splash of poison hits the gnoll.
The gnoll is severely wounded.
You feel slightly more hungry.
The gnoll looks more healthy.
The gnoll hits you with a flail!
You hit the gnoll.
The gnoll is almost dead.
The gnoll hits you with a flail!
You die...

# #.# ........# #.####
#+#. ........# #.....
####>.. ........#########.
....... ..................
....... ..........######..
....... ...####...# #..
....... ####...### #..
.......#####........# #..
....>...g@..........####..
.......................#..
######...........)..##.#..
#..............# #
#..............#
#..............#
######.........#
#.######### #.#


You could see a gnoll.

Vanquished Creatures
  2 oozes (D:1)
  2 dart slugs (D:1)
  A giant gecko (D:1)
  A bat (D:1)
  4 goblins (D:1)
  A hobgoblin (D:1)
  2 kobolds (D:1)
  2 ball pythons (D:1)
  3 rats (D:1)
18 creatures vanquished.

Notes
Turn   | Place    | Note
--------------------------------------------------------------
     0 | D:1      | Nagabuildtest the Naga Transmuter began the quest for the Orb.
     0 | D:1      | Reached XP level 1. HP: 18/18 MP: 3/3
   231 | D:1      | Reached XP level 2. HP: 25/25 MP: 5/5
   377 | D:1      | Reached XP level 3. HP: 18/31 MP: 5/7
   382 | D:1      | Learned a level 3 spell: Spider Form
   655 | D:1      | Slain by a gnoll

Vault maps used:
D:1:      saegor_arrival_simple_d, nrook_mini_vaults, lemuel_another_geyser

Action                   || total
-------------------------++-------
Melee: Unarmed           ||    34
       Headbutt          ||     4
 Cast: Beastly Appendage ||     7
 Abil: Spit Poison       ||    13
Armor: Robe              ||     4
Dodge: Dodged            ||    11
